 Dungeon Crawl Stone Soup version 0.28-a0-932-g843f935a50 (webtiles) character file.

Game seed: 14820728118607497793

78 Atlas the Magician (level 4, -9/31 HPs)
             Began as a Djinni Earth Elementalist on Nov 27, 2021.
             Mangled by Crazy Yiuf (12 damage)
             ... on level 2 of the Dungeon.
             The game lasted 00:01:42 (2274 turns).

Atlas the Magician (Djinni Earth Elementalist)      Turns: 2274, Time: 00:01:43

Health: -9/31      AC:  2    Str:  7    XL:     4   Next: 61%
Gold:   44         EV: 11    Int: 18    God:
                   SH:  3    Dex: 13

rFire   + + .      SeeInvis .   c - +2 mace (vorpal)
rCold   x . .      Faith    .   g - +0 buckler
rNeg    . . .      Spirit   .   b - +0 robe
rPois   ∞          Reflect  .   (no helmet)
rElec   .          Harm     .   (no cloak)
rCorr   .          Rampage  .   (no gloves)
Will    .....                   (boots unavailable)
Stlth   ++........              (no amulet)
HPRegen 0.10/turn               (no ring)
MPRegen 0.00/turn               (no ring)

@: flying
A: sickness immunity, fire resistance 2, cold vulnerability 1, float, innate
caster, hp casting, extra vitality 1
a: no special abilities


You were on level 2 of the Dungeon.
You visited 1 branch of the dungeon, and saw 2 of its levels.

You collected 44 gold pieces.

Inventory:

Hand Weapons
 c - a +2 vorpal mace (weapon)
Missiles
 f - 8 stones
Armour
 b - a +0 robe (worn)
 g - a +0 buckler (worn)
Scrolls
 d - a scroll of teleportation {unknown}
 e - a scroll of silence {unknown}
 h - 2 scrolls of acquirement {unknown}
 j - a scroll of magic mapping {unknown}
Potions
 a - 2 potions of might {unknown}
 i - a potion of brilliance {unknown}


   Skills:
 + Level 0.5 Maces & Flails
 + Level 2.3 Dodging
 + Level 1.8 Stealth
 + Level 3.7 Spellcasting


You couldn't memorise any spells.
You knew the following spells:

 Your Spells              Type           Power      Damage    Failure   Level
a - Sandblast             Erth           32%        2d9       5%          1
b - Passwall              Tmut/Erth      13%        N/A       9%          2
c - Stone Arrow           Conj/Erth      32%        3d9       17%         3
d - Petrify               Tmut/Erth      16%        N/A       50%         4
e - Slow                  Hex            64%        N/A       5%          1
Your spell library was empty.

Dungeon Overview and Level Annotations

Branches:
Dungeon (2/15)

Altars:

Annotations:
D:2 Crazy Yiuf


Innate Abilities, Weirdness & Mutations

You are immune to sickness and miasma.
You are immune to poison.
Your flesh is very heat resistant. (rF++)
You are vulnerable to cold. (rC-)
You float through the air rather than walking.
You learn spells naturally, not from books.
Your magical power is your life essence.
You have superior vitality. (+4 HP)


Message History

No reachable target in view!
You reach down and open the door.
Crazy Yiuf shouts!
Casting: Sandblast (safe; 5% risk of failure)
Confirm with . or Enter, or press ? or * to list all spells.
Aiming: Sandblast (safe; 5% risk of failure)
Press: ? - help, Shift-Dir - straight line, f - Crazy Yiuf
Aim: Crazy Yiuf, wielding a +2 quarterstaff of chaos and wearing a +0 cloak (82% to hit)
The blast of sand hits Crazy Yiuf.
Crazy Yiuf is lightly wounded.
Crazy Yiuf hits you with a +2 quarterstaff of chaos!
Crazy Yiuf burns you.
Casting: Sandblast (safe; 5% risk of failure)
Confirm with . or Enter, or press ? or * to list all spells.
Aiming: Sandblast (safe; 5% risk of failure)
Press: ? - help, Shift-Dir - straight line, f/p - Crazy Yiuf
Aim: Crazy Yiuf, wielding a +2 quarterstaff of chaos and wearing a +0 cloak (lightly wounded, 82% to hit)
The blast of sand hits Crazy Yiuf.
Crazy Yiuf is heavily wounded.
Crazy Yiuf hits you with a +2 quarterstaff of chaos!
Crazy Yiuf burns you.
Unknown command.
Casting: Sandblast (safe; 5% risk of failure)
Confirm with . or Enter, or press ? or * to list all spells.
Aiming: Sandblast (safe; 5% risk of failure)
Press: ? - help, Shift-Dir - straight line, f/p - Crazy Yiuf
Aim: Crazy Yiuf, wielding a +2 quarterstaff of chaos and wearing a +0 cloak (heavily wounded, 82% to hit)
The blast of sand misses Crazy Yiuf.
Crazy Yiuf hits you with a +2 quarterstaff of chaos!
* * * LOW HITPOINT WARNING * * *
Casting: Sandblast (safe; 5% risk of failure)
Confirm with . or Enter, or press ? or * to list all spells.
Aiming: Sandblast (safe; 5% risk of failure)
Press: ? - help, Shift-Dir - straight line, f/p - Crazy Yiuf
Aim: Crazy Yiuf, wielding a +2 quarterstaff of chaos and wearing a +0 cloak (heavily wounded, 82% to hit)
The blast of sand hits Crazy Yiuf but does no damage.
Crazy Yiuf is heavily wounded.
* * * LOW HITPOINT WARNING * * *
Crazy Yiuf hits you with a +2 quarterstaff of chaos!
You die...

#.#.#.#..#######.####.#
#####.#
#.#.#.#...............#
#.#
#...#....#######.######
#.# ########## ### #.#
#.## ♣♣♣♣♣## #... ###
♣♣♣.♣...### #...
#...#♣..♣......## #...
#...g@♣♣♣♣......###...
#)..#♣♣ ♣♣..#........
### ♣♣#######... #...
#... #... #... ####


You could see Crazy Yiuf.

Vanquished Creatures
  2 adders (D:2)
  2 dart slugs (D:1)
  3 bats
  4 endoplasms
  4 giant cockroaches
  4 goblins
  11 hobgoblins
  6 kobolds
  A quokka (D:1)
  7 ball pythons
  A frilled lizard (D:2)
  4 rats
49 creatures vanquished.

Notes
Turn   | Place    | Note
-------+----------+-------------------------------------------
     0 | D:1      | Atlas the Djinni Earth Elementalist began the quest for the
                  | Orb.
     0 | D:1      | Reached XP level 1. HP: 15/15 MP: 0/0
   168 | D:1      | Reached XP level 2. HP: 14/21 MP: 0/0
   395 | D:1      | Reached skill level 3 in Spellcasting
   499 | D:1      | Reached XP level 3. HP: 18/25 MP: 0/0
   499 | D:1      | Learned a level 1 spell: Slow
   676 | D:1      | Found a faded altar of an unknown god.
  1480 | D:2      | Reached XP level 4. HP: 26/31 MP: 0/0
  1819 | D:2      | Found a runed translucent door.
  1820 | D:2      | Noticed Crazy Yiuf
  2274 | D:2      | Mangled by Crazy Yiuf

Illustrated notes

Levels and vault maps discovered:
D:1:      minmay_arrival_three_doors, layout_rooms,
          hellmonk_ecumenical_altar_blasted, chequers_decorated_corner
D:2:      layout_basic, uniq_crazy_yiuf_cottage

Skill      XL: |  1  2 |
---------------+-------+-----
Spellcasting   | 3 |  3.7
Maces & Flails | |  0.5
Dodging        | |  2.3
Stealth        | |  1.8

Action                   |  1- 3 |  4- 6 || total
-------------------------+-------+-------++-------
Melee: Mace              |     6 |     5 ||    11
 Cast: Sandblast         |    52 |    26 ||    78
Armor: Robe              |     2 |     3 ||     5
Dodge: Dodged            |    17 |     4 ||    21
Block: Buckler           |     1 |     5 ||     6

Table legend: (Time is in decaauts)
 A = Elapsed time spent in this place.
 B = Non-inter-level travel time spent in this place.
 C = Inter-level travel time spent in this place.
 D = Time resting spent in this place.
 E = Time spent auto-exploring this place.
 F = Levels seen in this place.
 G = Mean time per level.
                   A        B        C        D        E       F      G
               +--------+--------+--------+--------+--------+-----+--------+
         Total |   2278 |   2228 |     50 |      0 |   1967 |   2 | 1139.0 |
       Dungeon |   2278 |   2228 |     50 |      0 |   1967 |   2 | 1139.0 |
               +--------+--------+--------+--------+--------+-----+--------+

Top non-repeatable levels by time:
     D:1: 1286 daAuts
     D:2: 991 daAuts
